[Event "SixDays Budapest GM-A May 2024"]
[Site "Budapest"]
[Date "2024.05.20"]
[Round "8.5"]
[White "Wadsworth, Matthew J"]
[Black "Aczel, Gergely"]
[Result "1/2-1/2"]
[ECO "A13"]
[WhiteElo "2470"]
[BlackElo "2493"]
[Annotator "ChessBase"]
[PlyCount "183"]
[EventDate "2024.05.15"]
[EventType "tourn"]
[EventCountry "HUN"]
[SourceTitle "playchess.com"]
[Source "ChessBase"]
[SourceQuality "1"]
[TimeControl "40/5400+30:1800+30"]

1. c4 e6 2. g3 d5 3. Bg2 Nf6 4. Nf3 dxc4 5. Qa4+ Bd7 6. Qxc4 c5 7. Ne5 Qc8 8. O-O Nc6 9. Nxd7 Qxd7 10. Nc3 Rc8 11. Qa4 Be7 12. d3 O-O 13. Bd2 Rfd8 14. Rfd1 b6 15. Rac1 h6 16. Be1 Ne8 17. e3 Bf6 18. d4 cxd4 19. Ne4 Ne7 20. Nxf6+ Nxf6 21. Rxc8 Qxa4 22. Rxd8+ Kh7 23. R8xd4 Qxa2 24. b4 Ned5 25. b5 a5 26. bxa6 Qxa6 27. e4 Ne7 28. Bc3 Nc6 29. Rd6 Qc4 30. Bb2 Qc5 31. R6d2 e5 32. Rc1 Qb4 33. Bc3 Qa3 34. Rdc2 Qa4 35. Ba1 Nb4 36. Rd2 Qa5 37. Bh3 h5 38. Rb1 Nc6 39. Rdb2 Nd4 40. Rxb6 Nf3+ 41. Kg2 Nd2 42. R6b5 Qa4 43. R5b4 Qa3 44. Bxe5 Qf3+ 45. Kg1 Nxb1 46. Bf5+ g6 47. Rxb1 Nxe4 48. Bxe4 Qxe4 49. Rb5 Qe1+ 50. Kg2 Qe4+ 51. Kg1 Qc4 52. Rb1 h4 53. gxh4 Qe4 54. Rb5 Qe2 55. Rc5 Qe1+ 56. Kg2 Qb4 57. Rc7 Qe4+ 58. Kg1 Qe1+ 59. Kg2 Qxe5 60. Rxf7+ Kh6 61. Rf3 Qe4 62. Kg3 Kh5 63. h3 Qxh4+ 64. Kh2 Qd4 65. Re3 Qd5 66. Rg3 Kh6 67. Kg1 Kg7 68. Kh2 Kf6 69. Kg1 Qb7 70. Kh2 Qc6 71. Kg1 Qa6 72. Kg2 Qc4 73. Kg1 Kf5 74. Kg2 Qd5+ 75. Kg1 Qc6 76. Kh2 Qb7 77. Kg1 Kf4 78. Kh2 Qd5 79. Kg1 Qh5 80. Kg2 g5 81. Kg1 Qh7 82. Kg2 Qh5 83. Kg1 Qd1+ 84. Kg2 Qd5+ 85. Kg1 Qb7 86. Kh2 Qb1 87. Kg2 Qd1 88. Rg4+ Kf5 89. Rg3 Ke4 90. Re3+ Kf4 91. Rg3 Qh5 92. Kh2 1/2-1/2

[Event "SixDays Budapest GM-A May 2024"]
[Site "Budapest"]
[Date "2024.05.21"]
[Round "9.2"]
[White "Bai, Adelard"]
[Black "Wadsworth, Matthew J"]
[Result "0-1"]
[ECO "D11"]
[WhiteElo "2376"]
[BlackElo "2470"]
[Annotator "TA"]
[PlyCount "80"]
[EventDate "2024.05.15"]
[EventType "tourn"]
[EventCountry "HUN"]
[SourceTitle "playchess.com"]
[Source "ChessBase"]
[SourceQuality "1"]
[TimeControl "40/5400+30:1800+30"]

1. d4 d5 2. c4 c6 3. Nf3 Nf6 4. g3 Bf5 5. Nc3 e6 6. Nh4 dxc4 7. Nxf5 exf5 8. e3 {[%emt 0:00:03] The position is equal.} Bd6 9. Bxc4 O-O 10. Qf3 g6 11. Bd2 Qe7 12. O-O Nbd7 13. Bd3 Rfe8 14. Rfc1 Ne4 15. Be1 Ndf6 16. Rab1 h5 17. b4 a6 (17... Bxb4 18. Rxb4 Ng5 19. Qg2 Qxb4 20. Ne4 $11) (17... h4 $1 $17) 18. Qe2 (18. h4 $11) 18... h4 $17 (18... Bxb4 $2 19. Nxe4 fxe4 20. Bxb4 $18) 19. Nxe4 fxe4 20. Bc4 Qd7 21. a4 Nh7 (21... Kg7 $15 22. Bc3 b5) 22. Qf1 (22. f4 $11 {keeps the balance.}) 22... Ng5 {[%emt 0:06:39] ...Nf3+ would now be deadly.} 23. Be2 Kg7 ({Black should try} 23... Nf3+ 24. Bxf3 exf3) 24. Qg2 ({White should play} 24. Bc3) 24... Rh8 25. d5 hxg3 (25... cxd5 $142 {And now ...f6 would win.} 26. gxh4 Nh3+ 27. Kh1 Rxh4) 26. fxg3 cxd5 {[%emt 0:02:41] Black has more active pieces.} 27. h4 Nh3+ 28. Kh1 Be5 $1 $36 {[%emt 0:00:20][%mdl 2048] Black has strong initiative.} 29. Rd1 Qe6 30. Rbc1 g5 31. Rc5 (31. g4 $2 Rxh4 32. Bxh4 Rh8 33. Qxh3 Rxh4 $19 (33... gxh4 $2 34. Rf1 $18) (33... gxh4 $2 34. Rf1 $18)) 31... Rad8 32. a5 {[%emt 0:00:38] [#]} (32. b5 $17) 32... g4 $1 $19 33. Bf1 {[%emt 0:02:12] [#]} (33. b5 $142) 33... Ng5 $1 34. Qa2 $2 (34. Be2 {keeps fighting.}) 34... Qf6 35. Bg2 (35. Qe2 Nf3 36. Rdxd5) 35... Nf3 36. Rdxd5 {[%emt 0:00:31] [#]} Bxg3 $1 {[%emt 0:03:42][%mdl 512] Black mates.} 37. Bxg3 (37. Bxf3 Rxh4+) 37... Rxh4+ (37... Nxh4 $2 {loses.} 38. Rxd8 (38. Bxe4 $2 {leads to mate.} Qf1+ 39. Kh2 Nf3#) 38... Qxd8 39. Be5+ (39. Bxe4 {is a self mate.} Qd1+) 39... f6 40. Rc7+ $18) 38. Bh3 Rxh3+ 39. Kg2 Nh4+ 40. Kg1 Rxg3+ {[%emt 0:00:16] Weighted Error Value: White=0.62/Black=0.18 (very precise) .  Mistake:       	White=8     	Black=4      Inaccurate:     	White=3     	Black=4      OK:         	White=9     	Black=6      Best:        	White=1     	Black=5      Strong:       	---       	Black=3} 0-1

[Event "SixDays Budapest GM-A May 2024"]
[Site "Budapest"]
[Date "2024.05.21"]
[Round "9.3"]
[White "Krastev, Alexander"]
[Black "Sathvik Adiga"]
[Result "0-1"]
[ECO "C77"]
[WhiteElo "2458"]
[BlackElo "2398"]
[Annotator "RC"]
[PlyCount "172"]
[EventDate "2024.05.15"]
[EventType "tourn"]
[EventCountry "HUN"]
[SourceTitle "playchess.com"]
[Source "ChessBase"]
[SourceQuality "1"]
[TimeControl "40/5400+30:1800+30"]

1. e4 e5 2. Nf3 Nc6 3. Bb5 a6 4. Ba4 Nf6 5. Nc3 Bc5 6. d3 b5 7. Bb3 h6 8. Nd5 d6 9. c3 Rb8 10. O-O O-O 11. Be3 Nxd5 12. Bxd5 Bxe3 13. fxe3 Ne7 14. Bb3 Ng6 15. Qe1 Kh7 16. Qg3 f5 17. exf5 Bxf5 18. d4 e4 19. Nd2 d5 20. Rf2 Rb6 21. Raf1 Rbf6 22. Bd1 Qd6 23. Qxd6 cxd6 24. Nb3 Bc8 25. Rxf6 gxf6 26. Nc1 Be6 27. Bb3 f5 28. Ne2 Kg7 29. Ng3 Kf6 30. Nh5+ Ke7 31. Rf2 Rc8 32. Rf1 Rf8 33. Nf4 Nxf4 34. Rxf4 Kf6 35. g3 a5 36. a3 Kg6 37. Rf1 Kg5 38. Kg2 Rb8 39. Rf2 Rb7 40. Kf1 Ra7 41. Rc2 Ra6 42. Kf2 Kg4 43. Kg2 Kg5 44. Rc1 Rc6 45. Ra1 Rb6 46. Kf2 Rb8 47. Kg1 Bf7 48. Rf1 Be6 49. Rf2 Rb7 50. Kg2 Rb8 51. Kf1 Ra8 52. Rc2 Ra6 53. a4 Rb6 54. axb5 Rxb5 55. Ba4 Rb7 56. Rf2 Bd7 57. Bxd7 Rxd7 58. b4 a4 59. Ra2 Rc7 60. Ra3 h5 61. Kg2 h4 62. b5 Rb7 63. Rxa4 Rxb5 64. Rb4 Ra5 65. Rb6 Kg4 66. h3+ Kg5 67. gxh4+ Kxh4 68. Rb2 Ra1 69. Rf2 Rc1 70. Rf4+ Kg5 71. h4+ Kf6 72. h5 Rc2+ 73. Kf1 Rxc3 74. h6 Rc8 75. Rh4 Kg6 76. Kf2 Rh8 77. Rh1 Rxh6 78. Rg1+ Kf6 79. Rg8 Rh2+ 80. Ke1 Rh6 81. Kf2 Rg6 82. Ra8 Kg5 83. Ra5 Kg4 84. Rxd5 Rh6 85. Ke1 Kf3 86. Kd2 f4 0-1

[Event "SixDays Budapest GM-A May 2024"]
[Site "Budapest"]
[Date "2024.05.21"]
[Round "9.4"]
[White "Tan, Jun Ying"]
[Black "Sahib Singh"]
[Result "0-1"]
[ECO "A06"]
[WhiteElo "2307"]
[BlackElo "2291"]
[Annotator "RC"]
[PlyCount "112"]
[EventDate "2024.05.15"]
[EventType "tourn"]
[EventCountry "HUN"]
[SourceTitle "playchess.com"]
[Source "ChessBase"]
[SourceQuality "1"]
[TimeControl "40/5400+30:1800+30"]

1. Nf3 d5 2. c4 e6 3. b3 Nf6 4. g3 c5 5. Bg2 Nc6 6. O-O d4 7. e3 e5 8. exd4 exd4 9. d3 Be7 10. a3 O-O 11. Bg5 h6 12. Bxf6 Bxf6 13. Nbd2 Bf5 14. Ne1 Qd7 15. Ra2 a5 16. Be4 Bg4 17. f3 Bh3 18. Ng2 Ne7 19. Re1 Bg5 20. f4 Bf6 21. Bf3 Nf5 22. Ne4 Bxg2 23. Nxf6+ gxf6 24. Bxg2 Ne3 25. Qh5 f5 26. Qxh6 Ra6 27. Qh5 Kg7 28. Qf3 b5 29. Rxe3 dxe3 30. Qxe3 Re6 31. Qxc5 Qxd3 32. Rf2 bxc4 33. bxc4 Rb8 34. Bf3 Rb2 35. Kg2 Re1 36. Kh3 Rxf2 37. Qxf2 Re3 38. Bd5 Qxa3 39. Qc2 Qd3 40. Qa2 Qf1+ 41. Bg2 Re2 42. Bxf1 Rxa2 43. Bd3 a4 44. Bxf5 a3 45. c5 Ra1 46. c6 Rc1 47. Be4 a2 48. Kg4 a1=Q 49. h4 Rc3 50. c7 Rxc7 51. h5 Rc3 52. Kh4 Qe1 53. h6+ Kxh6 54. Bf3 Rxf3 55. Kg4 Qxg3+ 56. Kf5 Qxf4# 0-1

[Event "SixDays Budapest GM-A May 2024"]
[Site "Budapest"]
[Date "2024.05.21"]
[Round "9.5"]
[White "Berczes, David"]
[Black "Nagy, Gabor"]
[Result "1/2-1/2"]
[ECO "D31"]
[WhiteElo "2425"]
[BlackElo "2433"]
[Annotator "TA"]
[PlyCount "22"]
[EventDate "2024.05.15"]
[EventType "tourn"]
[EventCountry "HUN"]
[SourceTitle "playchess.com"]
[Source "ChessBase"]
[SourceQuality "1"]
[TimeControl "40/5400+30:1800+30"]

1. d4 d5 2. c4 e6 3. Nc3 a6 4. e3 Nf6 5. Nf3 dxc4 6. a4 c5 7. Bxc4 Nc6 8. O-O cxd4 9. exd4 Be7 10. Qe2 O-O 11. Rd1 Nb4 {A rather calm draw.   Weighted Error Value: White=0.20 (precise) /Black=0.19 (very precise) .  Inaccurate:     	---       	Black=1      OK:         	White=1     	Black=1} 1/2-1/2